Map: Simulacrum LE

Players

thermostaat (uThermal) - Winner!

  • Race: Terran Terran
  • Spawn Location: 5:00

Astrea

  • Race: Protoss Protoss
  • League: Grandmaster
  • Spawn Location: 11:00

Event: Cheeseadelphia XI, Cheeseadelphia XI

VOD

Have the link to the VOD?

Description

Time

  • Played on: Dec. 15, 2019, 3:12 p.m.
  • Length: 10:18

All games in this series

Show
View Real Time Build Order
Export as new Build Order

thermostaat Terran - Winner!

Build Orders:  

Get SALT Encoding   

  12  0:01  SCV  
  13  0:13  SCV  
  14  0:17  Supply Depot  
  14  0:25  SCV  
  15  0:38  SCV  
  15  0:40  Barracks  
  16  0:43  Refinery  
  16  0:51  SCV  
  17  1:03  SCV  
  18  1:15  SCV  
  19  1:27  Marine  
  19  1:28  Orbital Command  
  20  1:42  Command Center  
  20  1:53  SCV  
  21  1:58  Factory  
  21  2:04  Barracks Reactor  
  21  2:05  SCV  
  22  2:10  Supply Depot  
  22  2:18  SCV  
  23  2:29  Refinery  
  23  2:31  SCV  
  24  2:41  Starport  
  24  2:43  SCV  
  25  2:47  Hellion x2  
  29  2:55  Orbital Command  
  29  2:56  SCV  
  30  3:09  SCV, Hellion x2  
  35  3:15  Barracks Tech Lab  
  35  3:17  Medivac  
  37  3:20  SCV  
  37  3:23  SCV  
  39  3:33  SCV  
  40  3:34  Supply Depot  
  40  3:35  SCV  
  40  3:38  Cyclone  
  40  3:39  Marine x2  
  46  3:45  Refinery  
  46  3:55  Starport Tech Lab  
  46  3:56  SCV x2  
  46  3:57  Marine x2  
  46  3:58  Supply Depot  
  50  4:04  Bunker  
  50  4:08  SCV x2  
  52  4:15  Siege Tank  
  52  4:16  Marine  
  54  4:19  Marine  
  54  4:20  SCV x2  
  57  4:25  Raven  
  55  4:32  SCV  
  55  4:34  Marine  
  55  4:36  SCV  
  55  4:37  Marine  
  55  4:43  Supply Depot  
  55  4:44  SCV  
  56  4:47  Siege Tank  
  56  4:48  SCV  
  60  4:52  Marine  
  60  4:54  Marine  
  62  5:01  Command Center  
  62  5:05  SCV x2  
  64  5:10  Marine  
  64  5:12  Marine  
  66  5:17  SCV  
  66  5:18  Barracks x2, Supply Depot  
  66  5:21  Siege Tank  
  70  5:28  Supply Depot  
  70  5:38  Engineering Bay x2  
  70  5:40  SCV x2, Marine x2  
  74  5:46  Refinery  
  74  5:52  SCV x2  
  76  5:59  Marine x2  
  76  6:00  Factory Tech Lab  
  78  6:04  Terran Infantry Armor Level 1, Terran Infantry Weapons Level 1, SCV x2  
  78  6:09  Starport Reactor  
  80  6:13  Barracks  
  80  6:16  Barracks, Orbital Command, Marine  
  80  6:17  Marauder  
  83  6:19  SCV  
  83  6:24  Stimpack, SCV, Combat Shield  
  85  6:25  Marine  
  85  6:28  Factory Reactor  
  85  6:31  Supply Depot, Marine  
  87  6:34  Marine  
  87  6:36  Supply Depot  
  87  6:39  SCV  
  90  6:40  SCV  
  90  6:45  Medivac x2  
  93  6:49  Supply Depot, Marine  
  93  6:50  Marine  
  95  6:56  SCV x2  
  95  6:59  Marine  
  95  7:00  Marauder  
  95  7:01  Supply Depot  
  100  7:03  Barracks Reactor, Barracks Tech Lab  
  100  7:05  Widow Mine  
  102  7:09  Marauder, Marine  
  105  7:15  Medivac x2  
  105  7:17  Marine  
  105  7:20  Marine  
  112  7:22  SCV  
  112  7:23  Orbital Command, Marine  
  112  7:24  Widow Mine  
  112  7:28  SCV  
  116  7:30  Marine  
  116  7:31  Marauder  
  116  7:35  Marine  
  116  7:36  Supply Depot  
  121  7:38  Sensor Tower  
  121  7:39  Marauder  
  121  7:43  Marine x2  
  125  7:45  Supply Depot  
  125  7:46  Widow Mine x2  
  125  7:50  Medivac x2  
  132  7:52  Concussive Shells  
  132  7:53  Marine  
  133  7:58  Supply Depot  
  133  7:59  Marine  
  133  8:01  Supply Depot, Marine  
  134  8:06  Marine  
  134  8:07  Marauder  
  134  8:11  Marine  
  134  8:12  Marauder  
  140  8:13  Marine  
  140  8:14  Supply Depot  
  140  8:17  Widow Mine x2  
  144  8:27  SCV  
  144  8:28  Marauder, Marine x2  
  144  8:30  Marine  
  144  8:31  Liberator, Marauder  
  144  8:33  Marauder  
  144  8:34  Marine  
  154  8:42  Widow Mine  
  154  8:44  Supply Depot  
  154  8:46  Marine x2  
  154  8:48  Marine  
  151  8:50  Marauder  
  151  8:52  Liberator, Marauder  
  151  8:55  Marauder, Marine  
  144  9:04  Marine x2  
  137  9:10  Marine  
  137  9:11  Marauder  
  137  9:13  Widow Mine  
  137  9:14  Liberator, Marauder, Marine  
  137  9:16  Marauder  
  141  9:22  Marine  
  138  9:26  Marine  
  138  9:28  Marine  
  135  9:32  Widow Mine, Marine, Marauder  
  135  9:35  Marauder  
  139  9:38  Marauder  
  139  9:54  Marauder  
  139  9:57  Marauder  
Show
View Real Time Build Order
Export as new Build Order

Astrea Protoss 

Build Orders: 1 Gate Expand, Double Forge, Phoenix Opening, Blink Stalkers 

Get SALT Encoding   

  12  0:00  Probe  
  13  0:13  Probe  
  14  0:17  Pylon  
  14  0:25  Probe (Chrono Boost)  
  16  0:37  Probe (Chrono Boost), Gateway  
  16  0:43  Probe (Chrono Boost)  
  16  0:46  Assimilator  
  17  0:51  Probe  
  18  1:03  Probe  
  19  1:15  Probe  
  20  1:22  Nexus  
  20  1:34  Cybernetics Core  
  20  1:35  Probe  
  21  1:42  Assimilator  
  21  1:48  Probe  
  21  1:53  Pylon  
  22  2:00  Probe  
  23  2:08  Stalker (Chrono Boost), Probe  
  23  2:11  Warp Gate  
  26  2:16  Probe  
  27  2:27  Probe (Chrono Boost)  
  28  2:31  Sentry  
  28  2:34  Probe (Chrono Boost)  
  31  2:42  Twilight Council  
  33  2:44  Probe x2 (Chrono Boost)  
  33  2:49  Probe (Chrono Boost)  
  33  2:50  Probe  
  35  2:57  Stalker  
  37  3:01  Probe  
  37  3:02  Probe  
  39  3:06  Phoenix  
  39  3:07  Pylon  
  39  3:11  Gateway  
  39  3:13  Probe  
  39  3:14  Probe  
  39  3:15  Blink (Chrono Boost)  
  41  3:25  Probe  
  41  3:27  Probe  
  43  3:28  Stalker  
  45  3:38  Probe  
  45  3:39  Probe  
  47  3:48  Nexus  
  47  3:51  Probe x2  
  49  4:03  Probe x2  
  49  4:07  Pylon x2  
  49  4:08  Pylon  
  50  4:15  Probe x2  
  44  4:27  Probe (Chrono Boost)  
  44  4:29  Probe (Chrono Boost)  
  41  4:39  Probe (Chrono Boost)  
  41  4:42  Probe (Chrono Boost)  
  42  4:47  Pylon  
  42  4:48  Probe (Chrono Boost)  
  42  4:49  Forge  
  42  4:50  Probe (Chrono Boost), Forge  
  44  4:55  Probe x2 (Chrono Boost)  
  46  5:00  Probe  
  46  5:02  Charge  
  46  5:05  Probe x2  
  46  5:06  Phoenix  
  49  5:12  Probe  
  50  5:17  Probe  
  50  5:18  Probe  
  52  5:21  Protoss Ground Weapons Level 1 (Chrono Boost)  
  52  5:22  Sentry  
  52  5:23  Nexus  
  52  5:26  Protoss Ground Armor Level 1 (Chrono Boost)  
  55  5:28  Probe  
  55  5:29  Probe  
  55  5:34  Probe  
  57  5:40  Probe  
  57  5:41  Sentry  
  57  5:42  Probe  
  61  5:46  Probe  
  62  5:52  Probe  
  62  5:53  Pylon  
  62  5:54  Probe  
  62  5:55  Gateway  
  62  5:56  Gateway  
  64  5:58  Probe  
  64  6:00  Stalker  
  67  6:04  Probe  
  67  6:06  Stalker, Probe  
  67  6:10  Probe  
  72  6:16  Probe  
  72  6:18  Probe, Gateway  
  74  6:19  Gateway x2  
  74  6:22  Probe  
  75  6:27  Robotics Facility  
  75  6:30  Probe (Chrono Boost)  
  75  6:32  Probe (Chrono Boost), Assimilator  
  77  6:34  Assimilator  
  77  6:37  Probe (Chrono Boost)  
  77  6:39  Probe (Chrono Boost)  
  79  6:46  Probe x2 (Chrono Boost)  
  83  6:47  Probe (Chrono Boost)  
  83  6:49  Probe (Chrono Boost)  
  83  6:51  Probe (Chrono Boost)  
  83  6:53  Probe  
  85  7:00  Probe x2  
  87  7:03  Pylon, Probe  
  87  7:08  Probe  
  89  7:12  Probe, Gateway  
  89  7:13  Gateway  
  89  7:15  Protoss Ground Weapons Level 2 (Chrono Boost)  
  90  7:16  Observer  
  90  7:17  Protoss Ground Armor Level 2 (Chrono Boost)  
  90  7:18  Gateway x2  
  90  7:20  Robotics Bay  
  90  7:21  Probe  
  90  7:22  Probe x2  
  94  7:24  Probe  
  95  7:30  Robotics Facility  
  95  7:33  Zealot x4  
  95  7:34  Probe x2, Zealot  
  107  7:43  Pylon x2  
  107  7:44  Pylon  
  107  7:50  Photon Cannon  
  107  7:51  Shield Battery  
  107  7:53  Pylon  
  107  7:54  Pylon  
  107  8:06  Zealot x3  
  107  8:08  Extended Thermal Lance  
  107  8:10  Observer  
  119  8:13  Pylon, Zealot x8  
  119  8:18  Pylon  
  131  8:27  Zealot x3  
  137  8:34  Stalker x2, Zealot x2  
  137  8:35  Stalker x2  
  137  8:36  Zealot x2  
  152  8:54  Zealot x5  
  136  8:58  Zealot x3  
  136  9:00  Colossus (Chrono Boost)  
  136  9:01  Zealot x3  
  122  9:14  Zealot x5  
  118  9:18  Zealot x2  
  118  9:19  Zealot  
  118  9:24  Zealot x3  
  100  9:34  Zealot x5  
Tags
 
Add a new tag
Caveats
  • Supply blocks, unpowered buildings, or Contaminate may cause inaccurate times.
  • Supply counts are checked every 10 seconds.